 Dungeon Crawl Stone Soup version 0.28-a0-1033-g1a2f33fa85 (webtiles) character file.

Game seed: 14026091417502130317

93 vineage the Skirmisher (level 4, -5/32 HPs)
             Began as a Gargoyle Fighter on Dec 7, 2021.
             Slain by a gnoll (7 damage)
             ... on level 3 of the Dungeon.
             The game lasted 00:02:17 (3225 turns).

vineage the Skirmisher (Gargoyle Fighter)           Turns: 3225, Time: 00:02:17

Health: -5/32      AC: 11    Str: 19    XL:     4   Next: 61%
Magic:  4/4        EV:  9    Int:  9    God:
Gold:   111        SH:  4    Dex:  9    Spells: 3/3 levels left

rFire   + . .      SeeInvis .   a - +0 flail
rCold   + . .      Faith    .   c - +0 buckler
rNeg    + . .      Spirit   .   b - +0 scale mail
rPois   ∞          Reflect  .   (no helmet)
rElec   +          Harm     .   (no cloak)
rCorr   +          Rampage  .   (no gloves)
Will    .....                   e - +0 pair of boots
Stlth   ..........              (no amulet)
HPRegen 0.10/turn               (no ring)
MPRegen 0.09/turn               (no ring)

@: brilliant, resistant
A: sickness immunity, AC +3, negative energy resistance 1, electricity
resistance, torment resistance 1, petrification resistance, clumsy 1, subdued
magic 1
a: no special abilities


You were on level 3 of the Dungeon.
You visited 1 branch of the dungeon, and saw 4 of its levels.

You collected 111 gold pieces.

Inventory:

Hand Weapons
 a - a +0 flail (weapon)
Armour
 b - a +0 scale mail (worn)
 c - a +0 buckler (worn)
 e - a +0 pair of boots (worn)
Scrolls
 g - a scroll of identify
 h - 2 scrolls of noise {unknown}
Potions
 d - 2 potions of might
 f - a potion of mutation
 i - a potion of resistance


   Skills:
 + Level 5.7 Fighting
 - Level 2.0 Maces & Flails
 - Level 3.2 Armour
 - Level 3.2 Shields


You had 3 spell levels left.
You didn't know any spells.
Your spell library contained the following spells:

 Spells                   Type           Power      Damage    Failure   Level
 Call Canine Familiar     Summ           0%         N/A       98%         3
 Portal Projectile        Hex/Tloc       0%         N/A       98%         3
 Leda's Liquefaction      Hex/Erth       0%         N/A       100%        4
 Summon Forest            Summ/Tloc      0%         N/A       100%        5
 Summon Mana Viper        Hex/Summ       0%         N/A       100%        5
 Summon Cactus Giant      Summ           0%         N/A       100%        6


Dungeon Overview and Level Annotations

Branches:
Dungeon (4/15)
 Temple: D:4-7

Altars:


Innate Abilities, Weirdness & Mutations

You are immune to sickness and miasma.
Your stone body is resilient. (AC +3)
You are immune to poison.
You resist negative energy. (rN+)
You are resistant to electric shocks. (rElec)
You are resistant to unholy torment.
You are immune to petrification.
You are clumsy. (Dex -2)
Your spells are a little easier to cast, but a little less powerful.


Message History

The hobgoblin hits you.
* * * LOW HITPOINT WARNING * * *
The gnoll hits you with a +0 club.
* * * LOW HITPOINT WARNING * * *
The hobgoblin barely misses you.
It was a potion of mutation.
You feel extremely strange.
Your connection to magic feels subdued.
You feel clumsy. The gnoll closely misses you.
The hobgoblin hits you but does no damage.
It was a potion of resistance.
You feel protected. The gnoll hits you but does no damage.
The hobgoblin hits you but does no damage.
It was a potion of brilliance.
You feel clever all of a sudden. The gnoll misses you.
The hobgoblin barely misses you.
You barely miss the gnoll. You block the gnoll's attack.
The hobgoblin misses you. The gnoll hits you but does no damage.
You barely miss the hobgoblin.
The hobgoblin is almost dead.
The hobgoblin closely misses you. The gnoll hits you but does no damage.
You closely miss the hobgoblin.
The hobgoblin is almost dead.
The hobgoblin misses you. The gnoll barely misses you.
You completely miss the hobgoblin.
The hobgoblin is almost dead.
You block the hobgoblin's attack. The gnoll hits you but does no damage.
The hobgoblin hits you but does no damage.
The gnoll hits you but does no damage.
You hit the hobgoblin.
You kill the hobgoblin!
You block the gnoll's attack.
You hit the gnoll but do no damage. You block the gnoll's attack.
You barely miss the gnoll. The gnoll hits you but does no damage.
You barely miss the gnoll. The gnoll hits you but does no damage.
The gnoll barely misses you.
You closely miss the gnoll. The gnoll hits you with a +0 club.
* * * LOW HITPOINT WARNING * * *
You barely miss the gnoll. The gnoll hits you with a +0 club!
You die...

#.###.##.....# #......#.....#
##.#....#.....# #..#....#.....#
##.##....##.##.#
###..#.....##.##.##########
.##....###.##.##.##.......####
.#..#### #.#..##g##..........#
....# #...###@##..#.#.#.#.#
##..#### #....##†##..........#
##..<..# #.##.##.##..#.#.#.#.#
#..###.###.##.##.##..........##
....##...............#.#.#.#..#
....##.........#..#...........#
....##......(.....#..#.#.#.#..#
...............#.##...........#
.....#.........#.##...........#


You could see a gnoll.

Vanquished Creatures
  A gnoll (D:1)
  An adder (D:2)
  3 worms
  2 dart slugs (D:1)
  6 endoplasms
  2 giant cockroaches
  7 goblins (D:1)
  6 hobgoblins
  4 quokkas
  6 ball pythons
  3 bats (D:1)
  3 frilled lizards (D:1)
  8 kobolds
  5 rats
57 creatures vanquished.

Notes
Turn   | Place    | Note
-------+----------+-------------------------------------------
     0 | D:1      | vineage the Gargoyle Fighter began the quest for the Orb.
     0 | D:1      | Reached XP level 1. HP: 14/14 MP: 1/1
     8 | D:1      | Noticed an electric eel
   230 | D:1      | Found a faded altar of an unknown god.
   237 | D:1      | Reached XP level 2. HP: 14/20 MP: 2/2
   241 | D:1      | Reached skill level 4 in Fighting
   554 | D:1      | Reached XP level 3. HP: 7/24 MP: 3/3
  1045 | D:1      | Reached skill level 5 in Fighting
  1824 | D:2      | Reached XP level 4. HP: 5/31 MP: 4/4
  3213 | D:3      | Gained mutation: Your spells are a little easier to cast,
                  | but a little less powerful. [potion of mutation]
  3213 | D:3      | Gained mutation: You are clumsy. (Dex -2) [potion of
                  | mutation]
  3225 | D:3      | Slain by a gnoll

Illustrated notes

Levels and vault maps discovered:
D:1:      arrival_aquarium_a, layout_basic,
          hellmonk_ecumenical_altar_crossroads, minmay_misc_feat_plants,
          minmay_pentomino_x4
D:2:      layout_basic
D:3:      layout_rooms, serial_glass, glass_columns_c, glass_columns_b
D:4:      layout_rooms, uniq_edmund

Skill      XL: |  1  2  3 |
---------------+----------+-----
Fighting       | 4 5 |  5.7
Maces & Flails | |  2.0
Armour         | |  3.2
Shields        | |  3.2

Action                   |  1- 3 |  4- 6 || total
-------------------------+-------+-------++-------
Melee: Flail             |   138 |    73 ||   211
  Use: Potion            |       |     3 ||     3
       Scroll            |       |     2 ||     2
Armor: Scale mail        |    82 |    50 ||   132
Dodge: Dodged            |    76 |    38 ||   114
Block: Buckler           |    34 |    16 ||    50

Table legend: (Time is in decaauts)
 A = Elapsed time spent in this place.
 B = Non-inter-level travel time spent in this place.
 C = Inter-level travel time spent in this place.
 D = Time resting spent in this place.
 E = Time spent auto-exploring this place.
 F = Levels seen in this place.
 G = Mean time per level.
                   A        B        C        D        E       F      G
               +--------+--------+--------+--------+--------+-----+--------+
         Total |   3290 |   3195 |     95 |      0 |   2731 |   4 |  822.5 |
       Dungeon |   3290 |   3195 |     95 |      0 |   2731 |   4 |  822.5 |
               +--------+--------+--------+--------+--------+-----+--------+

Top non-repeatable levels by time:
     D:1: 1459 daAuts
     D:2: 1324 daAuts
     D:3: 490 daAuts
     D:4: 16 daAuts
